 Dungeon Crawl Stone Soup version 0.18.1-5-g4a78601 (webtiles) character file.

264 PossumBlood the Archer (level 5, -1/34 HPs)
             Began as a High Elf Hunter on May 11, 2016.
             Slain by InterDimensionalOwl's ghost (13 damage)
             ... on level 3 of the Dungeon.
             The game lasted 00:03:53 (1800 turns).

PossumBlood the Archer (High Elf Hunter)            Turns: 1800, Time: 00:03:53

Health: -1/34      AC:  4    Str: 11    XL:     5   Next: 98%
Magic:  6/6        EV: 12    Int: 14    God:
Gold:   146        SH:  0    Dex: 17    Spells: 0 memorised, 4 levels left

rFire  . . .     SeeInvis .     a - +1 shortbow
rCold  . . .     Gourm    .     c - +1 leather armour
rNeg   . . .     Faith    .     (shield currently unavailable)
rPois  .         Spirit   .     (no helmet)
rElec  .         Dismiss  .     (no cloak)
rCorr  .         Reflect  .     (no gloves)
SustAt .         Harm     .     (no boots)
MR     .....                    (no amulet)
Stlth  ++........               (no ring)
                                (no ring)

@: not resistant to hostile enchantments, unstealthy
A: no striking features
a: no special abilities


You were on level 3 of the Dungeon.
You were not hungry.

You visited 1 branch of the dungeon, and saw 3 of its levels.

You collected 146 gold pieces.

Inventory:

Hand Weapons
 a - a +1 shortbow (weapon)
 b - a +0 short sword
Missiles
 d - an arrow (quivered)
Armour
 c - a +1 leather armour (worn)
Scrolls
 e - 5 scrolls of identify
 h - a scroll of remove curse
 j - a scroll of teleportation
Potions
 i - a potion of curing
 k - 3 potions of brilliance {unknown}
 n - a potion of agility {unknown}
 p - a potion of heal wounds
Comestibles
 f - a bread ration
 g - 2 beef jerkies
 l - 2 royal jellies
 m - 2 meat rations


   Skills:
 - Level 2.0 Fighting
 * Level 9.5 Bows
 - Level 2.1 Dodging
 - Level 1.1 Stealth


You had 4 spell levels left.
You didn't know any spells.

Dungeon Overview and Level Annotations

Branches:
Dungeon (3/15)

Altars:

Annotations:
D:3 InterDimensionalOwl's ghost, weakling HOFi


Message History

Press: ? - help, Shift-Dir - straight line, f/p - InterDimensionalOwl's ghost
Aim: InterDimensionalOwl's ghost (heavily damaged)
You shoot an arrow.
The arrow hits InterDimensionalOwl's ghost.
InterDimensionalOwl's ghost is heavily damaged.
Firing (i - inventory):
d - 3 arrows (quivered)
Press: ? - help, Shift-Dir - straight line, f/p - InterDimensionalOwl's ghost
Aim: InterDimensionalOwl's ghost (heavily damaged)
You shoot an arrow.
The arrow hits InterDimensionalOwl's ghost but does no damage.
InterDimensionalOwl's ghost is heavily damaged.
InterDimensionalOwl's ghost barely misses you.
Firing (i - inventory):
d - 2 arrows (quivered)
Press: ? - help, Shift-Dir - straight line, f/p - InterDimensionalOwl's ghost
Aim: InterDimensionalOwl's ghost (heavily damaged)
You shoot an arrow.
The arrow hits InterDimensionalOwl's ghost.
InterDimensionalOwl's ghost is heavily damaged.
InterDimensionalOwl's ghost hits you!
You die...

####..##.......#
##..#.#####.#####
##.... #)....#
#.#.## #.###.#
...#.# #.# #.#
##..#.. ..# #.###
##.#.. ...# #....
###..#. ....#
####. #(W@.#
.....# #. #(..#.#
......# ##.
#####.# #.. .
##..# #.#
...####..## #.#
#.......## #.#
####.....#
###########.#
#####.#
#.........).# #.#
#.###########


You could see InterDimensionalOwl's ghost.

Vanquished Creatures
  Sigmund (D:2)
  Jessica (D:2)
  3 adders (D:2)
  2 worms (D:2)
  2 dart slugs
  An orc (D:3)
  A giant cockroach (D:3)
  6 goblins
  8 hobgoblins
  2 jackals (D:1)
  10 kobolds
  A quokka (D:2)
  3 bats
  A giant newt (D:2)
  3 rats
45 creatures vanquished.

Notes
Turn   | Place    | Note
--------------------------------------------------------------
     0 | D:1      | PossumBlood the High Elf Hunter began the quest for the Orb.
     0 | D:1      | Reached XP level 1. HP: 14/14 MP: 2/2
   173 | D:1      | Reached XP level 2. HP: 19/19 MP: 3/3
   211 | D:1      | Reached skill level 6 in Bows
   806 | D:2      | Noticed Sigmund
   806 | D:2      | Reached XP level 3. HP: 22/24 MP: 4/4
   819 | D:2      | Killed Sigmund
   819 | D:2      | Reached skill level 8 in Bows
   819 | D:2      | Reached XP level 4. HP: 4/29 MP: 5/5
   819 | D:2      | Reached XP level 5. HP: 5/34 MP: 6/6
  1120 | D:2      | Reached skill level 9 in Bows
  1183 | D:2      | Noticed Jessica
  1186 | D:2      | Killed Jessica
  1781 | D:3      | Noticed InterDimensionalOwl's ghost (weakling HOFi)
  1800 | D:3      | Slain by InterDimensionalOwl's ghost

Skill      XL: |  1  2  3  4  5 |
---------------+----------------+-----
Bows           | 6 8 9 |  9.5
Fighting       | |  2.0
Dodging        | |  2.1
Stealth        | |  1.1

Action                   |  1- 3 |  4- 6 || total
-------------------------+-------+-------++-------
 Fire: Shortbow          |    67 |    79 ||   146
  Use: Scroll            |       |     7 ||     7
  Eat: Meat ration       |       |     1 ||     1
Armor: Leather armour    |     4 |     1 ||     5
Dodge: Dodged            |    12 |    11 ||    23
